 Dungeon Crawl Stone Soup version 0.18-a0-1542-g9c1a92e (webtiles) character file.

173 Kidiri the Magician (level 5, -3/29 HPs)
             Began as a Deep Elf Fire Elementalist on Mar 10, 2016.
             Was a Follower of Vehumet.
             Killed from afar by Sargon's ghost (8 damage)
             ... with a magic dart
             ... on level 3 of the Dungeon.
             The game lasted 00:08:49 (3444 turns).

Kidiri the Magician (Deep Elf Fire Elementalist)    Turns: 3444, Time: 00:08:50

Health: -3/29      AC:  3    Str:  5    XL:     5   Next: 28%
Magic:  13/14      EV: 13    Int: 21    God:    Vehumet [*.....]
Gold:   141        SH:  0    Dex: 15    Spells: 5 memorised, 3 levels left

rFire  . . .     SeeInvis .     i - +0 dagger
rCold  . . .     Gourm    .     a - +0 robe
rNeg   . . .     Faith    .     (no shield)
rPois  .         Spirit   .     g - +0 helmet
rElec  .         Dismiss  .     (no cloak)
rCorr  .         Reflect  .     (no gloves)
SustAt .         Harm     .     (no boots)
MR     .....                    (no amulet)
Stlth  +++.......               (no ring)
                                n - ring of stealth

@: not resistant to hostile enchantments, fairly stealthy
A: no striking features
a: Renounce Religion


You were on level 3 of the Dungeon.
You worshipped Vehumet.
Vehumet was aware of your devotion.
You were not hungry.

You visited 1 branch of the dungeon, and saw 3 of its levels.

You collected 141 gold pieces.

Inventory:

Hand Weapons
 i - a +0 dagger (weapon)
Armour
 a - a +0 robe (worn)
 g - a +0 helmet (worn)
 m - a +0 large shield
Jewellery
 n - a ring of stealth (left hand)
Scrolls
 e - a scroll of fear {unknown}
 h - a scroll of magic mapping {unknown}
 l - a scroll of noise {unknown}
 o - a scroll of recharging {unknown}
Potions
 j - 2 potions of brilliance {unknown}
 k - a potion of agility {unknown}
 p - a potion of curing {unknown}
Books
 b - a book of Flames

   Spells                             Type                      Level
   a - Flame Tongue                   Conjuration/Fire             1
   b - Throw Flame                    Conjuration/Fire             2
   c - Conjure Flame                  Conjuration/Fire             3
   d - Inner Flame                    Hexes/Fire                   3
   e - Sticky Flame                   Conjuration/Fire             4
   f - Fireball                       Conjuration/Fire             5
Comestibles
 c - 2 bread rations
 d - 2 meat rations
 f - 3 fruits


   Skills:
 + Level 1.0 Fighting
 + Level 0.0 Armour
 * Level 3.4 Dodging
 + Level 3.5 Stealth
 + Level 0.1 Shields
 * Level 4.8 Spellcasting
 + Level 1.5 Conjurations
 + Level 1.8 Hexes
 + Level 3.7 Fire Magic
 + Level 0.0 Poison Magic


You had 3 spell levels left.
You knew the following spells:

 Your Spells              Type           Power        Failure   Level  Hunger
a - Flame Tongue          Conj/Fire      ###..        4%          1    None
b - Throw Flame           Conj/Fire      ###...       8%          2    None
c - Conjure Flame         Conj/Fire      ###.....     14%         3    ##.....
d - Inner Flame           Hex/Fire       ###.....     12%         3    ##.....
e - Sting                 Conj/Pois      #...         12%         1    None


Dungeon Overview and Level Annotations

Branches:
Dungeon (3/15)

Altars:
Ashenzari
Cheibriados
Ru
Vehumet
Xom
Zin

Annotations:
D:3 Sargon's ghost, amateur DECj


Message History

Press: ? - help, Shift-Dir - straight line, f/p - orc
Aim: an orc, wielding a dagger and wearing a leather armour (heavily wounded)
The flame tongue hits the orc.
You kill the orc!
Vehumet accepts your kill.
You can now gain magical power from killing.
Sargon's ghost points at you and mumbles some strange words.
The magic dart hits you!
Things that are here:
a dagger; a leather armour; an orc corpse You butcher the orc corpse.
Sargon's ghost gestures at you while chanting.
The magic dart hits you!
* * * LOW HITPOINT WARNING * * *
Things that are here:
a dagger; a leather armour; a chunk of flesh
Found a sacrificial altar of Ru.
Sargon's ghost points at you and mumbles some strange words.
The magic dart hits you!
You die...

#..###.....###.##..#
#..#####_#####.###.###
#.W###.....###.# #..#.
#..............# ##...
#.#..#.##.#....# ###.
####..)...##.#.#### #.
.........####...#
######. ##.......##
##.## ##...##.
#....###.@#
#..###.....## ..#..
#.....##.##.......#
.#...
#.###..#......o...#
...#
............).o§<.#
...
#......###........##
#..... ####.....#
#_... #...o...# #..
#......... ..........#


You could see Sargon's ghost.

Vanquished Creatures
  An orc wizard (D:3)
  Terence (D:2)
  3 adders (D:2)
  An ooze (D:2)
  3 dart slugs (D:1)
  3 worms (D:2)
  3 giant geckos
  7 orcs
  7 bats
  2 giant cockroaches (D:2)
  10 goblins
  8 hobgoblins
  5 jackals
  3 giant newts
  5 kobolds
  A rat (D:2)
63 creatures vanquished.

Notes
Turn   | Place    | Note
--------------------------------------------------------------
     0 | D:1      | Kidiri the Deep Elf Fire Elementalist began the quest for the Orb.
     0 | D:1      | Reached XP level 1. HP: 10/10 MP: 6/6
   151 | D:1      | Found a shimmering altar of Xom.
   177 | D:1      | Reached XP level 2. HP: 15/15 MP: 4/8
   181 | D:1      | Learned a level 2 spell: Throw Flame
   743 | D:1      | Reached XP level 3. HP: 19/19 MP: 5/10
   749 | D:1      | Learned a level 3 spell: Conjure Flame
   753 | D:1      | Learned a level 3 spell: Inner Flame
   815 | D:1      | Reached skill level 4 in Spellcasting
  1088 | D:2      | Found a snail-covered altar of Cheibriados.
  1160 | D:2      | Noticed Terence
  1166 | D:2      | Killed Terence
  1166 | D:2      | Reached skill level 1 in Hexes
  1265 | D:2      | Found a radiant altar of Vehumet.
  1287 | D:2      | Became a worshipper of Vehumet
  1303 | D:2      | Reached XP level 4. HP: 24/24 MP: 4/12
  2372 | D:2      | Found a glowing silver altar of Zin.
  2626 | D:2      | Reached * piety under Vehumet
  2626 | D:2      | Offered knowledge of Sting by Vehumet.
  2652 | D:2      | Learned a level 1 spell: Sting
  2772 | D:2      | Reached skill level 1 in Fighting
  2772 | D:2      | Reached XP level 5. HP: 27/29 MP: 8/14
  2929 | D:3      | Found a shattered altar of Ashenzari.
  3423 | D:3      | Noticed Sargon's ghost (amateur DECj)
  3443 | D:3      | Found a sacrificial altar of Ru.
  3444 | D:3      | Killed from afar by Sargon's ghost

Vault maps used:
D:1:      dpeg_arrival_water_temple_mockup, xom_teletrap_fun
D:2:      cheibriados_altar_1, vehumet_crystals, zin_statuary, serial_glass,
          glass_columns_c, glass_columns_c, uniq_terence
D:3:      cheibrodos_ashenzari_chains, overflow_temple_1_default, uniq_natasha,
          uniq_robin, uniq_iyjb

Skill      XL: |  1  2  3  4 |
---------------+-------------+-----
Stealth        | 3 |  3.5
Spellcasting   | 4 |  4.8
Hexes          | 1 |  1.8
Dodging        | 3 |  3.4
Fighting       | 1 |  1.0
Shields        | |  0.1
Conjurations   | |  1.5
Fire Magic     | |  3.7

Action                   |  1- 3 |  4- 6 || total
-------------------------+-------+-------++-------
Melee: Dagger            |     5 |     4 ||     9
       Short sword       |     1 |       ||     1
 Cast: Flame Tongue      |    38 |    51 ||    89
       Throw Flame       |    16 |    17 ||    33
       Sting             |       |     3 ||     3
 Stab: Sleeping          |     2 |     2 ||     4
  Eat: Chunk             |     1 |     7 ||     8
